 Dungeon Crawl Stone Soup version 0.17.2-1-ge4368a0 (webtiles) character file.

366 Goblin1989 the Stinger (level 6, -3/55 HPs)
             Began as a Naga Wanderer on Nov 15, 2017.
             Slain by a mummy (9 damage)
             ... in an ossuary.
             The game lasted 00:24:12 (4721 turns).

Goblin1989 the Stinger (Naga Wanderer)              Turns: 4721, Time: 00:24:13

Health: -3/55      AC:  4    Str: 18      XL:     6   Next: 68%
Magic:  7/7        EV: 15    Int: 14 (15) God:
Gold:   220        SH:  0    Dex: 16      Spells: 0 memorised, 7 levels left

rFire  . . .     SeeInvis +     s - +4 quarterstaff (chaos)
rCold  . . .     Clarity  .     f - +0 robe
rNeg   . . .     SustAt   .     (shield currently unavailable)
rPois  +         Gourm    .     (no helmet)
rElec  .         Spirit   .     c - +0 cloak
rCorr  .         Warding  .     (no gloves)
rMut   +         Stasis   .     (no barding)
MR     .....                    j - amulet of resist mutation
Stlth  ++++......               (no ring)
                                (no ring)

@: brilliant, agile, very slow, not resistant to hostile enchantments, stealthy
A: see invisible, deformed body, poison resistance, slowness 2, slow metabolism
1, spit poison 2, AC +2
a: Spit Poison


You were in an ossuary.
You were very hungry.

You visited 1 branch of the dungeon, and saw 5 of its levels.
You also visited: Ossuary.

You collected 220 gold pieces.

Inventory:

Hand Weapons
 b - a +0 hunting sling
 d - a +0 spear
 s - a +4 quarterstaff of chaos (weapon)
 K - a +1 vampiric trident
 N - a +0 halberd
 O - a +0 war axe
Missiles
 n - 59 stones (quivered)
 x - 8 sling bullets
 y - 3 tomahawks
 z - 37 arrows
 C - 14 arrows of frost
 H - 15 poisoned needles
Armour
 c - a +0 cloak (worn)
 f - a +0 robe (worn)
 m - a +1 ring mail
Jewellery
 j - an amulet of resist mutation (around neck)
Wands
 w - a wand of magic darts (36)
 D - a wand of enslavement (8)
 E - a wand of enslavement (19)
Scrolls
 o - 3 scrolls of recharging
 p - 2 scrolls of remove curse {@r2}
 r - a scroll of amnesia
 I - 3 scrolls of enchant armour
 T - a scroll of teleportation
Potions
 g - 2 potions of resistance
 k - 3 potions of curing {@q1}
 q - a potion of mutation
 F - 3 potions of might
Comestibles
 a - a slice of pizza
 e - 2 bread rations {@e1}
 h - a beef jerky
 i - a royal jelly
 l - 4 fruits


   Skills:
 - Level 2.8 Fighting
 - Level 3.0 Axes
 + Level 4.1 Staves
 - Level 1.0 Armour
 - Level 1.3 Dodging
 - Level 3.0 Stealth
   Level 1.0 Shields
 - Level 1.0 Spellcasting
   Level 5.3 Poison Magic
 - Level 1.2 Evocations


You had 7 spell levels left.
You didn't know any spells.

Dungeon Overview and Level Annotations

Branches:
Dungeon (5/15)
 Temple: D:4-7

Altars:
Okawaru

Annotations:
D:5 1 exclusion


Innate Abilities, Weirdness & Mutations

You cannot wear boots.
Your serpentine skin is tough (AC +2).
You have supernaturally acute eyesight.
Armour fits poorly on your strangely shaped body.
Your system is resistant to poisons.
You cover ground very slowly.
You have a slow metabolism.
You can spit poison.


Message History

Unknown command.
You barely miss the elf zombie.
The elf zombie hits you but does no damage.
Your human zombie hits the elf zombie!
Unknown command.
You closely miss the elf zombie. The elf zombie hits you.
* * * LOW HITPOINT WARNING * * *
Your human zombie hits the elf zombie!
You take 4 damage, and have 6/55 hp.
Unknown command.
You sock the elf zombie! The elf zombie closely misses you.
Your human zombie hits the elf zombie.
Unknown command.
You completely miss the elf zombie. The elf zombie hits you.
* * * LOW HITPOINT WARNING * * *
Your human zombie barely misses the elf zombie.
You take 4 damage, and have 2/55 hp.
Unknown command.
You thump the elf zombie! You burn the elf zombie.
You destroy the elf zombie!
Your Staves skill increases to level 4!
Read which item? (? for menu, Esc to quit)
Okay, then.
What do you say? t - Shout!
Orders for allies: a - Attack new target. p - Attack previous target. r - Retreat! s - Stop attacking. w - Wait here. f - Follow me.
Anything else - Stay silent.
Retreat in which direction?
Press: ? - help, Dir - move target cursor, p - human zombie Fall back!
A mummy comes into view.
Evoke which item? (* to show all) (? for menu, Esc to quit)
Zapping:
w - a wand of magic darts {zapped: 3} (will waste charges)
Press: ? - help, Shift-Dir - straight line, f - mummy
Aim: a mummy The magic dart hits the mummy.
Evoking this partially-identified wand wasted a few charges.
A mummy comes into view.
Read which item? (? for menu, Esc to quit)
You can't read that!
Unknown command.
What do you say? t - Shout!
Orders for allies: a - Attack new target. p - Attack previous target. r - Retreat! s - Stop attacking. w - Wait here. f - Follow me.
Anything else - Stay silent.
Gang up on whom?
Press: ? - help, Dir - move target cursor, f/p - mummy
Aim: a mummy Attack!
A mummy comes into view.
Drink which item? (? for menu, Esc to quit)
It was a potion of degeneration.
There was something very wrong with that liquid.
You feel dopey.
The human zombie is no longer charmed.
Drink which item? (? for menu, Esc to quit)
It was a potion of cancellation.
Your magical effects are unravelling.
You feel magically purged.
You feel a little less mighty now.
Drink which item? (? for menu, Esc to quit)
It was a potion of poison.
You feel slightly nauseous.
Drink which item? (? for menu, Esc to quit)
It was a potion of agility.
You feel agile all of a sudden.
Drink which item? (? for menu, Esc to quit)
It was a potion of brilliance.
You feel clever all of a sudden. The human zombie barely misses you.
Evoke which item? (* to show all) (? for menu, Esc to quit)
Zapping:
E - a wand of enslavement {recharged} (will waste charges)
Press: ? - help, Shift-Dir - straight line, f - human zombie, p - mummy
Aim: a human zombie (chance to defeat MR: 59%)
The human zombie is charmed.
Evoking this partially-identified wand wasted a few charges.
Evoke which item? (* to show all) (? for menu, Esc to quit)
Zapping:
E - a wand of enslavement {zapped: 3} (will waste charges)
Press: ? - help, Shift-Dir - straight line, f - mummy, p - human zombie
Aim: a mummy (chance to defeat MR: 49%)
The mummy resists with some effort.
Evoking this partially-identified wand wasted a few charges.
You are feeling very hungry.
You barely miss the mummy.
Your human zombie hits the mummy.
The mummy barely misses you.
You hit the mummy.
The mummy is heavily damaged.
Your human zombie hits the mummy but does no damage.
You hit the mummy. You burn the mummy.
The mummy is severely damaged.
Your human zombie hits the mummy.
The mummy barely misses you.
You barely miss the mummy.
The mummy is almost destroyed.
Your human zombie hits the mummy!
The mummy is destroyed!
The mummy closely misses you. The mummy hits you!
You die...

....█████......
................
................
...............█
...............█
................
................
........@Z......
.......M.M......
......∩=........
................
................
................
...............█
...............█
...............


You could see 2 mummies and a friendly human zombie (unaware).

Vanquished Creatures
  An elf zombie (Ossuary)
  An orc wizard (D:3)
  Crazy Yiuf (D:3)
  Ijyb (D:3)
  A worker ant (D:4)
  3 gnolls (D:4)
  5 adders
  2 oozes
  2 adder zombies (Ossuary)
  2 worms
  4 giant geckos
  5 orcs (D:3)
  6 bats
  6 giant cockroaches
  8 hobgoblins
  2 jackals (D:1)
  2 quokkas
  A ball python skeleton (D:4)
  4 giant newts
  13 goblins
  A goblin zombie (Ossuary)
  A hobgoblin zombie (Ossuary)
  7 kobolds
  A kobold zombie (Ossuary)
  An orc zombie (Ossuary)
  A quokka skeleton (D:4)
  5 rats
87 creatures vanquished.

Vanquished Creatures (collateral kills)
  A hound zombie (Ossuary)
  A mummy (Ossuary)
  An adder zombie (Ossuary)
  An orc (D:3)
  A jackal zombie (Ossuary)
5 creatures vanquished.

Vanquished Creatures (others)
  An orc (D:3)
  A jackal zombie (Ossuary)
2 creatures vanquished.

Grand Total: 94 creatures vanquished

Notes
Turn   | Place    | Note
--------------------------------------------------------------
     0 | D:1      | Goblin1989 the Naga Wanderer began the quest for the Orb.
     0 | D:1      | Goblin1989 set off with: a +2 dagger, a potion of berserk rage, a +0 hand axe, a +0 spear, a bread ration {@e1}, a +0 robe
     0 | D:1      | Reached XP level 1. HP: 19/19 MP: 2/2
   239 | D:1      | Reached XP level 2. HP: 26/26 MP: 3/3
   675 | D:1      | Reached skill level 1 in Axes
   940 | D:2      | Reached XP level 3. HP: 25/32 MP: 4/4
  1772 | D:2      | Reached XP level 4. HP: 32/40 MP: 5/5
  2075 | D:3      | Noticed Ijyb
  2079 | D:3      | Reached skill level 1 in Dodging
  2089 | D:3      | Killed Ijyb
  2089 | D:3      | Reached skill level 1 in Evocations
  2089 | D:3      | Reached XP level 5. HP: 26/46 MP: 6/6
  2225 | D:3      | Noticed Crazy Yiuf
  2241 | D:3      | HP: 3/69 [Crazy Yiuf/quarterstaff of chaos (4)]
  2242 | D:3      | Killed Crazy Yiuf
  2648 | D:3      | Reached skill level 1 in Staves
  3606 | D:4      | Found an iron altar of Okawaru.
  3831 | D:4      | Reached XP level 6. HP: 38/55 MP: 7/7
  4561 | D:5      | Entered Level 5 of the Dungeon
  4663 | D:5      | Found a sand-covered staircase.
  4674 | Ossuary  | Entered an ossuary
  4682 | Ossuary  | HP: 2/55 [goblin zombie (2)]
  4703 | Ossuary  | HP: 2/55 [elf zombie (4)]
  4721 | Ossuary  | Slain by a mummy

Action                   |  1- 3 |  4- 6 || total
-------------------------+-------+-------++-------
Melee: Hand axe          |    43 |    24 ||    67
       Quarterstaff      |       |   102 ||   102
       Trident           |       |     2 ||     2
 Fire: Hunting sling     |     3 |     2 ||     5
 Abil: Spit Poison       |    41 |    23 ||    64
Evoke: Wand              |       |     9 ||     9
  Use: Scroll            |       |    13 ||    13
       Potion            |       |     9 ||     9
 Stab: Distracted        |       |     2 ||     2
       Sleeping          |       |     2 ||     2
       Petrifying        |       |     1 ||     1
  Eat: Chunk             |     4 |     9 ||    13
       Fruit             |       |     5 ||     5

Vault maps used:
D:1:      eino_arrival_tree_alley
D:2:      st_stairs_8
D:3:      uniq_iyjb, uniq_crazy_yiuf_cottage
D:4:      first_bread, okawaru_metal_pillars_1_2
D:5:      minmay_temple_entry_mist, enter_ossuary_4, minmay_liquid_box
Ossuary:  ossuary_minmay_tomb_2a
